 Dungeon Crawl Stone Soup version 0.30.2 (webtiles) character file.

Game seed: 3750829721035326038

2808 porpoise the Spear-Bearer (level 9, -1/72 HPs)
             Began as a Demonspawn Gladiator on Feb 3, 2024.
             Was a Follower of Nemelex Xobeh.
             Killed from afar by Erica (6 damage)
             ... with a bolt of poison
             ... on level 8 of the Dungeon.
             The game lasted 00:23:27 (7301 turns).

porpoise the Spear-Bearer (Demonspawn Gladiator)    Turns: 7301, Time: 00:23:28

Health: -1/72      AC:  8    Str: 14    XL:     9   Next: 44%
Magic:  11/11      EV: 12    Int:  8    God:    Nemelex Xobeh [*.....]
Gold:   411        SH:  3    Dex: 15    Spells: 6/8 levels left

rFire   . . .        a - +0 trident (venom)
rCold   + + .        I - +0 buckler
rNeg    + + .        s - +0 leather armour {rN+}
rPois   +            L - +0 helmet of the Cartwright {rElec rPois rN+ Str-4}
rElec   +            f - +0 cloak
rCorr   .            (no gloves)
SInv    .            o - +0 pair of boots
Will    .....        (no amulet)
Stlth   +            D - ring of protection from cold
HPRegen 0.32/turn    (no ring)
MPRegen 0.12/turn

%: no passive effects
@: mesmerised
A: hooves 1, icy blue scales 1, demonic guardian 1, foul stench 2, cold
resistance 1, dopey 1
a: Renounce Religion, Draw Escape, Draw Destruction, Draw Summoning


You were on level 8 of the Dungeon.
You worshipped Nemelex Xobeh.
Nemelex Xobeh was aware of your devotion.
You visited 2 branches of the dungeon, and saw 9 of its levels.

You collected 444 gold pieces.
You spent 33 gold pieces at shops.

Inventory:

Hand Weapons
 a - a +0 trident of venom (weapon)
 b - a +0 sling
 B - a +2 dagger of venom
Missiles
 d - 2 throwing nets
 e - 3 javelins (quivered)
 j - 7 poisoned darts
 E - 3 boomerangs
 M - a curare-tipped dart
Armour
 c - a +0 helmet
 f - a +0 cloak (worn)
 o - a +0 pair of boots (worn)
 s - a +0 leather armour of positive energy (worn)
 I - a +0 buckler (worn)
 L - the +0 helmet of the Cartwright (worn) {rElec rPois rN+ Str-4}
   (You found it on level 8 of the Dungeon)

   Str:       It affects your strength (-4).
   rElec:     It insulates you from electricity.
   rPois:     It protects you from poison.
   rN:        It protects you from negative energy.
Jewellery
 D - a ring of protection from cold (left hand)
 K - a ring of fire
Wands
 p - a wand of light (12)
 u - a wand of polymorph (8)
 C - a wand of paralysis (3)
Scrolls
 g - a scroll of brand weapon
 h - 2 scrolls of fear
 i - a scroll of teleportation
 l - a scroll of enchant weapon {unknown}
 m - 3 scrolls of blinking
 q - a scroll of magic mapping
 t - a scroll of summoning
 v - 2 scrolls of noise
 y - a scroll of poison {unknown}
 H - a scroll of acquirement {unknown}
 N - a scroll of amnesia {unknown}
 O - a scroll of enchant armour {unknown}
Potions
 k - a potion of heal wounds
 n - 2 potions of attraction
 r - a potion of lignification
 w - 3 potions of curing
 x - 2 potions of mutation
 A - a potion of resistance
 F - a potion of flight
 G - a potion of berserk rage {unknown}
 J - a potion of ambrosia


   Skills:
 - Level 7.0 Fighting
 * Level 10.0 Polearms
 - Level 1.7 Throwing
 + Level 2.4 Armour
 - Level 2.6 Dodging
 + Level 3.5 Invocations


You had 6 spell levels left.
You knew the following spells:

 Your Spells              Type           Power      Damage    Failure   Level
w - Wereblood             Tmut           0%         N/A       75%         2

Your spell library contained the following spells:

 Spells                   Type           Power      Damage    Failure   Level
 Beastly Appendage        Tmut           0%         N/A       58%         1
 Blink                    Tloc           0%         N/A       75%         2
 Lesser Beckoning         Tloc           0%         N/A       75%         2
 Momentum Strike          Conj/Tloc      0%         3d8       75%         2
 Spider Form              Tmut/Pois      0%         N/A       92%         3
 Manifold Assault         Tloc           0%         N/A       100%        4
 Storm Form               Tmut/Air       0%         N/A       100%        7
 Chain Lightning          Conj/Air       0%         N/A       100%        9
 Fire Storm               Conj/Fire      0%         5d1       100%        9
 Shatter                  Erth           0%         3d5*      100%        9


Dungeon Overview and Level Annotations

Branches:
Dungeon (8/15)             Temple (1/1) D:5
   Lair: D:8-11

Altars:
Ashenzari
Cheibriados
Dithmenos
Fedhas
Gozag
Hepliaklqana
Kikubaaqudgha
Makhleb
Nemelex Xobeh
Okawaru
Qazlal
Ru
Sif Muna
Vehumet
Wu Jian
Xom
Yredelemnul

Shops:
D:1 (   D:3 !

Annotations:
D:8 3 runed translucent doors, Erica; Maggie; PrincessEmiBear's ghost, novice MiFi


Innate Abilities, Weirdness & Mutations

You have large cloven feet.
You are partially covered in icy blue scales. (AC +2)
A weak demonic guardian rushes to your aid.
You sometimes emit foul miasma when damaged in melee.
Your flesh is cold resistant. (rC+)
You are dopey. (Int -2)


Message History

Something hits you but does no damage.
Your iron imp barely misses Maggie.
You miss something.
The orc is engulfed in dark miasma.
The orc looks even sicker.
You kill the orc!
Maggie closely misses you. Something hits you. Something burns you.
Your iron imp hits Maggie!
Unknown command.
You closely miss something.
Maggie hits you with a +2 scimitar of flaming.
Maggie burns you.
You emit a cloud of foul miasma!
Something hits you! Something burns you.
You hit something but do no damage.
Your iron imp closely misses Maggie.
Maggie is engulfed in dark miasma.
Maggie looks as sick as possible!
Maggie closely misses you. Something hits you!
* * * LOW HITPOINT WARNING * * *
Something burns you.
* * * LOW HITPOINT WARNING * * *
You emit a cloud of foul miasma!
You feel much better.
Maggie is engulfed in dark miasma.
Maggie looks as sick as possible!
Maggie closely misses you. Something hits you! Something burns you.
Your iron imp hits Maggie but does no damage.
You miss something.
Maggie is engulfed in dark miasma.
Maggie looks as sick as possible!
Maggie barely misses you. Something hits you! Something burns you.
* * * LOW HITPOINT WARNING * * *
You closely miss something.
Your iron imp barely misses Maggie.
You hit Maggie.
Maggie looks as sick as possible!
Maggie is severely wounded.
The sentinel's mark upon you fades away.
Maggie is engulfed in dark miasma.
Maggie looks as sick as possible!
Maggie hits you with a +2 scimitar of flaming!
* * * LOW HITPOINT WARNING * * *
A demonic guardian appears!
Maggie burns you.
* * * LOW HITPOINT WARNING * * *
You hear some strange, mumbled words.
A bolt of poison appears from out of thin air!
The bolt of poison hits you. You resist.
You die...
Your body disappears without a glow.

*******,*,,,,,,**,**,**,* #
****,*,*,,,,,,#...#.* ####
*,,,,,,,,*,**,.....,* ##...
*,**,*,*,*,***#...#** #....
*,,,,.,,>*,* #...# #..##
*****,,,,...,,,* #...# #..#.
,,,**,,*,*#..######...#######..#.
,,,**,,*,,#....5@o5.........#..#.
,,,,,,,*,,#.....@{...............
,,,***,*,*#.....)°..........#.##.
,,,* *,,,....####.#...#.#####.##.
**** ***,###** #.#...#.# #.##.
*,* #.#...#.# #.... *,* #.#...#.#
###..## *,* #.#...#.#*#...... *,*
****#........*#,#..#.
********,****,,,,....###.*#.#....


You could see Maggie (mesmerising, extremely poisoned, ally target), an orc
(ally target) and 2 friendly iron imps.

Vanquished Creatures
  Maurice (D:8)
  Grinder (D:6)
  A wyvern (D:7)
  Menkaure (D:6)
  2 water moccasins
  A sky beast (D:7)
  2 ice beasts
  A black bear (D:6)
  4 ogres
  A centaur (D:6)
  2 kobold brigands (D:7)
  3 bullfrogs
  A scorpion (D:5)
  An orc priest (D:7)
  2 gnoll boudas
  2 hounds
  2 jellies
  A sleepcap (D:6)
  3 iguanas
  4 orc wizards
  5 adders
  8 gnolls
  A shadow imp (D:7)
  A white imp (D:6)
  An ufetubus (D:6)
  2 worms
  A dart slug (D:5)
  14 orcs
  4 ball pythons
  3 endoplasms (D:2)
  2 giant cockroaches (D:1)
  3 goblins
  6 hobgoblins
  3 jackals (D:4)
  A quokka (D:4)
  5 bats
  3 frilled lizards (D:1)
  7 kobolds
  3 rats
109 creatures vanquished.

Vanquished Creatures (collateral kills)
  2 kobolds (D:7)
2 creatures vanquished.

Grand Total: 111 creatures vanquished

Notes
Turn   | Place    | Note
-------+----------+-------------------------------------------
     0 | D:1      | porpoise the Demonspawn Gladiator began the quest for the
                  | Orb.
     0 | D:1      | Reached XP level 1. HP: 16/16 MP: 1/1
   249 | D:1      | Reached skill level 3 in Polearms
   268 | D:1      | Gained mutation: You are partially covered in icy blue
                  | scales. (AC +2) [demonic ancestry]
   268 | D:1      | Reached XP level 2. HP: 18/22 MP: 2/2
   268 | D:1      | Found Wonno's Weapon Boutique.
   308 | D:1      | Found a faded altar of an unknown god.
  1005 | D:2      | Reached XP level 3. HP: 28/28 MP: 3/3
  1561 | D:3      | Found Miukhapo's Distillery.
  1573 | D:3      | Bought a potion of curing for 33 gold pieces
  1579 | D:3      | Found a hazy altar of Hepliaklqana.
  1818 | D:4      | Noticed an ice beast
  1832 | D:4      | Killed an ice beast
  1833 | D:4      | Reached skill level 4 in Polearms
  1833 | D:4      | Gained mutation: A weak demonic guardian rushes to your
                  | aid. [demonic ancestry]
  1833 | D:4      | Reached XP level 4. HP: 25/35 MP: 4/4
  1833 | D:4      | Reached XP level 5. HP: 29/41 MP: 5/5
  1901 | D:4      | Reached skill level 5 in Polearms
  2100 | D:4      | Found a snail-covered altar of Cheibriados.
  2138 | D:4      | Reached XP level 6. HP: 48/48 MP: 6/6
  2359 | D:4      | Learned a level 2 spell: Wereblood
  2644 | D:5      | Entered Level 5 of the Dungeon
  2788 | D:5      | Found a staircase to the Ecumenical Temple.
  2821 | Temple   | Entered the Ecumenical Temple
  3015 | Temple   | Became a worshipper of Nemelex Xobeh the Trickster
  3185 | D:5      | Noticed a water moccasin
  3203 | D:5      | Killed a water moccasin
  3204 | D:5      | Reached skill level 6 in Polearms
  3484 | D:5      | Gained mutation: You have large cloven feet. [demonic
                  | ancestry]
  3484 | D:5      | Reached XP level 7. HP: 55/55 MP: 7/7
  3616 | D:5      | Found a blossoming altar of Fedhas.
  4076 | D:6      | Reached skill level 5 in Fighting
  4080 | D:6      | Gained mutation: You are dopey. (Int -2) [potion of
                  | mutation]
  4080 | D:6      | Gained mutation: Your flesh is cold resistant. (rC+)
                  | [potion of mutation]
  4289 | D:6      | Noticed Grinder
  4326 | D:6      | Paralysed by Grinder for 3 turns
  4346 | D:6      | Killed Grinder
  4347 | D:6      | Reached skill level 7 in Polearms
  4488 | D:6      | Gained mutation: You may rarely emit foul miasma when
                  | damaged in melee. [demonic ancestry]
  4488 | D:6      | Reached XP level 8. HP: 34/64 MP: 8/8
  4951 | D:6      | Reached skill level 8 in Polearms
  5220 | D:6      | Noticed Menkaure
  5224 | D:6      | Killed Menkaure
  5875 | D:7      | Reached skill level 9 in Polearms
  5978 | D:7      | Reached * piety under Nemelex Xobeh
  6000 | D:7      | Reached skill level 1 in Invocations
  6000 | D:7      | Gained mutation: You sometimes emit foul miasma when
                  | damaged in melee. [demonic ancestry]
  6000 | D:7      | Reached XP level 9. HP: 72/72 MP: 9/9
  6183 | D:7      | Found an opulent altar of Gozag.
  6215 | D:7      | Reached skill level 1 in Armour
  6474 | D:7      | Received a gift from Nemelex Xobeh
  6647 | D:8      | Identified the +0 helmet of the Cartwright {rElec rPois rN+
                  | Str-4}
  6667 | D:8      | Noticed PrincessEmiBear's ghost (novice MiFi)
  6667 | D:8      | Found a runed translucent gate.
  6667 | D:8      | Found a runed translucent gate.
  6667 | D:8      | Found a runed translucent gate.
  6671 | D:8      | Noticed Maurice
  6683 | D:8      | Noticed a kobold demonologist
  6989 | D:8      | Paralysed by Maurice for 2 turns
  7109 | D:8      | Paralysed by Maurice for 3 turns
  7115 | D:8      | Killed Maurice
  7280 | D:8      | Noticed Erica
  7280 | D:8      | Noticed Maggie
  7292 | D:8      | Reached skill level 10 in Polearms
  7301 | D:8      | Killed from afar by Erica

Illustrated notes

Levels and vault maps discovered:
D:1:      tarquinn_simple_flora_water_d, layout_basic, serial_shops,
          nicolae_shop_temple_entry_statues_fountains,
          ebering_ecumenical_altar_box
D:2:      layout_loops_ring
D:3:      layout_basic, amcnicky_altar_gilded, serial_shops, shop
D:4:      layout_basic, mainiacjoe_overflow_six_doors_small, minmay_distorted
D:5:      layout_loops_ring, fedhas_altar_fruit_tree, minmay_temple_entry_waves,
          minmay_misc_feat_ornament
D:6:      layout_basic, elyvilon_altar_3, uniq_grinder, uniq_menkaure
D:7:      layout_rooms, grunt_gozag_breadcrumbs, serial_rivers,
          chequers_serial_rivers_small_3, chequers_serial_rivers_marsh,
          chequers_serial_rivers_micro_b, chequers_serial_rivers_marsh,
          chequers_serial_rivers_marsh
D:8:      layout_loops_cross, mainiacjoe_overflow_catwalk,
          gammafunk_ghost_nasty_kobolds, kb_lookout_dungeons_type,
          dk_rats_in_the_wall, uniq_erica, uniq_maurice, uniq_maggie
Temple:   nicolae_temple_bog_church

Skill      XL: |  1  2  3  4  5  6  7  8  9 |
---------------+----------------------------+-----
Polearms       | 3 4 5 6 7 9 10 | 10.0
Fighting       | 3 4 5 7 |  7.0
Invocations    | 1 3 |  3.5
Armour         | 2 |  2.4
Throwing       | |  1.7
Dodging        | |  2.6

Action                     |  1- 3 |  4- 6 |  7- 9 || total
---------------------------+-------+-------+-------++-------
  Melee: Trident           |   116 |   101 |   306 ||   523
   Fire: Sling             |    13 |       |    15 ||    28
  Throw: Dart              |     7 |       |       ||     7
         Throwing net      |     2 |     2 |       ||     4
         Javelin           |       |     1 |       ||     1
    Use: Scroll            |       |     5 |     7 ||    12
         Potion            |       |       |     4 ||     4
   Stab: Sleeping          |       |     1 |       ||     1
         Distracted        |       |       |     1 ||     1
 Armour: Leather armour    |    35 |    11 |    78 ||   124
         Ring mail         |       |    16 |    13 ||    29
  Dodge: Dodged            |    51 |    47 |   148 ||   246
  Block: Buckler           |       |       |    43 ||    43
